[Event "Late-Titled-Tuesday-Blitz-March-12-2024"]
[Site "Chess.com"]
[Date "2024.03.12"]
[Round "8"]
[White "GaiozNigalidze"]
[Black "bazar-wokzal"]
[Result "1/2-1/2"]
[WhiteElo "2711"]
[BlackElo "2572"]
[TimeControl "180+1"]
[EndTime "15:28:22 PDT"]
[Termination "Game drawn - insufficient material"]

1. d4 Nf6 2. c4 Nc6 3. d5 Ne5 4. e3 e6 5. dxe6 fxe6 6. Nc3 Bc5 7. Nf3 Nxf3+ 8. gxf3 d5 9. cxd5 exd5 10. Be2 Bh3 11. Rg1 Qd7 12. Nb5 O-O-O 13. a3 a6 14. Nd4 Rhe8 15. b4 Bb6 16. Bb2 Kb8 17. Qd3 c5 18. bxc5 Bxc5 19. Rg5 Bb6 20. Bc3 Rc8 21. Rb1 Ka7 22.
Bd2 g6 23. Rg3 Rc7 24. Rxb6 Kxb6 25. Nb3 Rc4 26. Na5 Rec8 27. Qb3+ Ka7 28. Rxh3 b6 29.
Rg3 bxa5 30. Bxc4 dxc4 31. Qc3 Nd5 32. Qd4+ Nb6 33. Bc3 Qxd4 34. Bxd4 c3 35. Kd1 c2+ 36.
Kc1 Kb7 37. Bxb6 Kxb6 38. Rg4 Rc3 39. a4 Kc5 40. Rd4 g5 41. Rd7 Kb4 42. Rxh7 Kxa4 43. Rg7 Rc5 44. Rb7 Ka3 45. Rb2 a4 46. Rxc2 Rf5 47.
Rc3+ Kb4 48. Rc6 Rxf3 49. Rc2 a3 50. Kb1 Kb3 51. Rd2 a5 52. Rd3+ Kb4 53. Rd2 Kb3 54.
Rd3+ Kb4 55. Rd4+ Kc3 56. Ra4 Kb3 57. Rxa5 Rxf2 58. Rb5+ Ka4 59. Rxg5 Rxh2 60. Rc5 Rh1+ 61. Ka2 Rh2+ 62. Kb1 Kb4 63. Rc8 Rh1+ 64. Ka2 Rh2+ 65. Kb1 Re2 66. Rb8+ Kc4 67. Rc8+ Kd3 68. Ra8 a2+ 69.
Rxa2 Re1+ 70. Kb2 Re2+ 71. Kb1 Rxa2 72. Kxa2 Kxe3 1/2-1/2

[Event "Late-Titled-Tuesday-Blitz-March-12-2024"]
[Site "Chess.com"]
[Date "2024.03.12"]
[Round "8"]
[White "Msb2"]
[Black "Bauman_Guy"]
[Result "1/2-1/2"]
[WhiteElo "3026"]
[BlackElo "2925"]
[TimeControl "180+1"]
[EndTime "15:28:23 PDT"]
[Termination "Game drawn - insufficient material"]

1. d4 Nf6 2. c4 e6 3. Nc3 Bb4 4. e3 O-O 5. Bd2 b6 6. Nf3 Bb7 7. Bd3 d6 8. O-O Nbd7 9. a3 Bxc3 10. Bxc3 a5 11. b4 Ne4 12. Bb2 f5 13. Nd2 Qh4 14. f3 Nxd2 15. Qxd2 e5 16. d5 f4 17. exf4 Qxf4 18.
Qxf4 Rxf4 19. g3 Rf7 20. Bc3 axb4 21. axb4 Rxa1 22. Bxa1 Rf8 23. Bb2 Ra8 24. Ra1 Rxa1+ 25. Bxa1 b5 26. cxb5 Bxd5 27. Kf2 Kf7 28. Ke3 g6 29. f4 Ke6 30. g4 exf4+ 31. Kxf4 Ne5 32. Bc2 h6 33. g5 hxg5+ 34. Kxg5 Nf3+ 35. Kxg6 Nxh2 36. Bf6 Bc4 37. Bf5+ Kd5 38. Bd7 Nf3 39. Bc6+ Ke6 40.
Bxf3 Bxb5 41. Bc3 c5 42. Kg5 cxb4 43. Bxb4 Kd7 44. Kf4 Bc6 45. Bg4+ Kc7 46. Ke3 Kb7 47. Kd4 Ka8 48. Bd2 Bb7 49. Kc3 Bc6 50. Kb4 Bb7 51. Ka5 Bc6 52. Kb6 Bb7 53. Bd7 Bh1 54. Bc8 Bg2 55. Bf4 Bh1 56. Bg5 Bg2 57. Bg4 Bh1 58.
Bh3 Bb7 59. Bf1 Bh1 60. Bd8 Bf3 61. Ba6 Bh1 62. Bc7 Bf3 63. Bb5 Bh1 64. Bd8 Bf3 65. Bd7 Bh1 66. Bg4 Bg2 67. Be7 Bh1 68. Bh3 Bf3 69. Bf1 Bh1 70. Be2 Bg2 71. Kb5 Bh1 72. Kc4 Bg2 73. Kd4 Bh1 74. Ke3 Bb7 75. Kf2 Bc6 76.
Bh4 Bb7 77. Bg3 Bc6 78. Bd3 Bb7 79. Bb5 Bd5 80. Ke3 Bb7 81. Bxd6 Bh1 82. Kf2 Bb7 83.
Bd3 Bc6 84. Kg1 Bb7 85. Bh2 Bc6 86. Bf1 Bb7 87. Kf2 Bc6 88. Ke3 Bb7 89. Kd4 Bc6 90. Kc5 Bh1 91. Kb6 Bf3 92. Bh3 Bh1 93. Bg4 Be4 94.
Be6 Bh1 95. Bd6 Bg2 96. Bd7 Bh1 97. Kc7 Bg2 98. Be6 Bh1 99. Bh3 Bf3 100. Bc5 Bh1 101. Bf5 Bg2 102. Kd6 Bh1 103. Ke5 Bg2 104. Be3 Bh1 105. Bf2 Bb7 106. Bg1 Bc6 107. Kd6 Bb7 108. Bd7 Bh1 109. Kc7 Bg2 110. Bb5 Bh1 111. Bf1 Bf3 112. Bh3 Bh1 113.
Bd7 Bg2 114. Bc6+ Bxc6 1/2-1/2

[Event "Late-Titled-Tuesday-Blitz-March-12-2024"]
[Site "Chess.com"]
[Date "2024.03.12"]
[Round "8"]
[White "Schattman"]
[Black "LornerAcosta"]
[Result "1-0"]
[WhiteElo "2482"]
[BlackElo "2616"]
[TimeControl "180+1"]
[EndTime "15:28:42 PDT"]
[Termination "Schattman won by resignation"]

1. f4 c5 2. Nf3 Nc6 3. e4 e6 4. g3 Nge7 5. Bg2 d5 6. e5 h5 7.
c3 Nf5 8. Bh3 Be7 9. O-O g6 10.
Qe2 a6 11. Na3 Bd7 12. Nc2 Qb6 13. Kh1 O-O-O 14. Ne3 Qc7 15. d3 Kb8 16. Bd2 h4 17. g4 Nxe3 18. Bxe3 d4 19. Bd2 dxc3 20. bxc3 Na7 21.
g5 Bc6 22. Kg1 Qd7 23. Ne1 Bb5 24. c4 Bc6 25. Be3 Qc7 26. Qf2 Qa5 27. Rb1 Nc8 28.
Bg2 Bxg2 29. Qxg2 Qc7 30. h3 Na7 31. Rb3 Qc6 32. Qb2 Ka8 33. Rb6 Qc7 34. Rf2 Nc6 35. Rb3 Nd4 36. Bxd4 Rxd4 37. a4 Rhd8 38. Rb6 R4d7 39.
Qb3 Rc8 40. Rb2 Bd8 41. a5 Qb8 42. Rd6 Rxd6 43. exd6 Rc6 44. d7 Qc7 45. d4 Qxd7 46. d5 Rd6 47. Nd3 Qc7 48. Ne5 exd5 49. cxd5 Rxd5 50.
Qxd5 c4 51. Qd7 Qc5+ 52. Kg2 Qc7 53. Qxc7 Bxc7 54. Rc2 c3 55. Rxc3 Bxa5 56. Ra3 Bb4 57. Rb3 Bd2 58. Nxf7 Bxf4 59. Rf3 Bd2 60. Rf2 Be3 61.
Rf3 Bd2 62. Rd3 Bf4 63. Rd4 Bg3 64. Rd8+ Ka7 65. Rg8 a5 66. Rxg6 a4 67. Re6 b5 68.
Re4 a3 69. g6 a2 70. Re7+ Kb6 71. Re6+ Kb7 72. Re7+ Kb6 73. Re6+ Ka5 74. Re8 Kb4 75.
Ra8 Kb3 76. g7 Be5 77. g8=Q Kb2 78. Nxe5 a1=Q 79. Rxa1 1-0

[Event "Late-Titled-Tuesday-Blitz-March-12-2024"]
[Site "Chess.com"]
[Date "2024.03.12"]
[Round "8"]
[White "dropstoneDP"]
[Black "BabageldiAnnaberdiyev"]
[Result "1-0"]
[WhiteElo "2974"]
[BlackElo "2660"]
[TimeControl "180+1"]
[EndTime "15:28:43 PDT"]
[Termination "dropstoneDP won by resignation"]

1. e4 e6 2. d4 d5 3. Nc3 Nf6 4. e5 Nfd7 5. f4 c5 6. Nf3 Nc6 7. Be3 a6 8. a3 b5 9. Bd3 Qb6 10. Bf2 cxd4 11. Ne2 Bb7 12. O-O g6 13. Nexd4 Nxd4 14. Bxd4 Bc5 15. c3 h5 16. Qe1 Rc8 17. Kh1 h4 18. h3 Bxd4 19. cxd4 Qd8 20. a4 Bc6 21. b3 Kf8 22. axb5 Bxb5 23. Bxb5 axb5 24. Qb4+ Kg7 25. Qxb5 Rb8 26. Qd3 Qb6 27. Rfc1 Qxb3 28. Qxb3 Rxb3 29. Ra7 Rxf3 30. gxf3 Nb6 31. Rcc7 Rf8 32. Kg2 Nc4 33. Kf2 Kg8 34. Ke2 Nb6 35. Kd3 Nc4 36. Rcb7 Kg7 37. Rc7 Kg8 38. Re7 Nb6 39. f5 gxf5 40. Rab7 Nc4 41.
Ke2 Na5 42. Rbc7 f4 43. Rc1 Rb8 44. Rcc7 Rf8 45. Red7 Nc4 46. Ra7 Ne3 47. Rdb7 Nf5 48. Kd3 Ng3 49. Kd2 Kg7 50. Kd3 Kg8 51. Re7 Nf5 52.
Red7 Ng3 53. Rdb7 Kg7 54. Ra6 Kg8 55. Rab6 Nf5 56. Rb8 Rxb8 57. Rxb8+ Kg7 58. Ra8 Ng3 59. Rc8 Nf5 60. Rc1 Ng3 61. Rb1 Nf5 62. Kc3 Ng3 63.
Kb4 Kg8 64. Kc5 Kg7 65. Ra1 Kf8 66. Ra4 Kg7 67. Kd6 Nf5+ 68. Kd7 Ng3 69. Ke8 Nf5 70.
Ra7 Nxd4 71. Rxf7+ Kg6 72. Rxf4 Nf5 73. Rg4+ Kh5 74. Kf7 d4 75. Kxe6 1-0

[Event "Late-Titled-Tuesday-Blitz-March-12-2024"]
[Site "Chess.com"]
[Date "2024.03.12"]
[Round "8"]
[White "Mariia89"]
[Black "flubs"]
[Result "0-1"]
[WhiteElo "2256"]
[BlackElo "2486"]
[TimeControl "180+1"]
[EndTime "15:28:48 PDT"]
[Termination "flubs won by checkmate"]

1. d4 d5 2. c4 Nc6 3. Nc3 Nf6 4.
Nf3 e6 5. Bg5 Bb4 6. e3 h6 7.
Bh4 g5 8. Bg3 Ne4 9. Qc2 O-O 10.
Nd2 Nxd2 11. Qxd2 f5 12. Be5 Nxe5 13. dxe5 c6 14. a3 Ba5 15. b4 Bc7 16. f4 Kh8 17. Be2 Rg8 18. g3 a5 19. Kf2 Bb6 20. c5 Bc7 21. Qd4 Bd7 22. Bd3 Qe7 23. Ne2 Rg7 24. Qc3 Be8 25. Nd4 Bh5 26. b5 cxb5 27. Nxb5 Rc8 28.
Rac1 Bb6 29. Rc2 Rxc5 30. Qd2 gxf4 31. gxf4 Qh4+ 32. Kf1 Qh3+ 33. Ke1 Rxc2 34. Qxc2 Qxe3+ 35. Be2 Bxe2 36. Qxe2 Qxf4 37. Nd6 Bd4 38. Kd1 Qxe5 39. Qxe5 Bxe5 40. Nb5 f4 41. Re1 Rg5 42. h4 Rf5 43. Rf1 f3 44. Kc2 f2 45. Kd3 d4 46. Ke2 Bg3 47.
Nxd4 Rf6 48. Nf3 e5 49. h5 e4 50. Nd4 Be5 51. Nc2 Kg7 52. Ke3 Bg3 53. Kxe4 Rc6 54. Kf3 Rc3+ 55. Kg2 Rxc2 56. Kxg3 Kf6 57. Kf3 b5 58. Kg2 b4 59. Kf3 bxa3 60. Ra1 a2 61. Rf1 Kg5 62. Kg3 Kxh5 63. Rh1+ Kg5 64. Ra1 Rb2 65. Kg2 h5 66. Kf1 Rb1+ 67. Rxb1 axb1=Q+ 68. Kg2 Qb3 69. Kf1 a4 70. Kg2 a3 71. Kh2 a2 72. Kg2 a1=Q 73. Kh2 Qba3 74. Kg2 f1=Q+ 75. Kh2 Q1b2# 0-1

[Event "Late-Titled-Tuesday-Blitz-March-12-2024"]
[Site "Chess.com"]
[Date "2024.03.12"]
[Round "8"]
[White "Hrant_ChessMood"]
[Black "Rodalquilar"]
[Result "1-0"]
[WhiteElo "2972"]
[BlackElo "2792"]
[TimeControl "180+1"]
[EndTime "15:29:07 PDT"]
[Termination "Hrant_ChessMood won on time"]

1. c4 e6 2. g3 d5 3. Bg2 Nf6 4. Nf3 Be7 5. b3 d4 6. O-O c5 7. e3 Nc6 8. exd4 cxd4 9. Re1 O-O 10. Ne5 Qc7 11. Nxc6 bxc6 12. d3 Bb7 13. Bf4 Qd7 14. Bg5 c5 15. Bxf6 Bxf6 16. Nd2 Be7 17. Bxb7 Qxb7 18. Qf3 Qb6 19. Re2 a5 20. Rb1 h6 21.
h4 Qc7 22. h5 Rfb8 23. Kg2 Ra6 24. Rbe1 a4 25. Rb1 Rab6 26. Ree1 Bg5 27. Ne4 axb3 28. axb3 Rxb3 29. Rxb3 Rxb3 30. Ra1 Be7 31. g4 Rb8 32. Ra2 Rf8 33. Ng3 Bh4 34. Nf1 f5 35. Nh2 Kh7 36.
Re2 Rf6 37. Kh3 Bg5 38. Kg2 Bf4 39. Nf1 Bg5 40. Ng3 Qf7 41. gxf5 exf5 42. Re5 Bh4 43. Rxc5 Bxg3 44. fxg3 Qe7 45. Rxf5 Re6 46. Rf4 Re2+ 47. Kh3 Re3 48. Qg4 Re1 49. Qf5+ Kg8 50. Qd5+ Kh7 51. Qf5+ Kg8 52. Kg4 Re3 53. Qd5+ Kh7 54. Qf5+ Kg8 55.
Rxd4 Re5 56. Qf4 Rg5+ 57. Kf3 Rxh5 58. Qe4 Qf6+ 59. Kg2 Re5 60. Qf4 Re2+ 61. Kf3 Qe6 62. Re4 Rxe4 63. Qxe4 Qh3 64. c5 Qf1+ 65. Kg4 Qd1+ 66.
Kf5 Qh5+ 67. Ke6 Qxc5 68. d4 Qc8+ 69. Kd6 Qb8+ 70. Kc5 Qc7+ 71. Qc6 Qa5+ 72. Qb5 Qc7+ 73. Qc6 Qa5+ 74. Kc4 Qa1 75. d5 Qc1+ 76. Kb5 Qb2+ 77. Ka6 Kf7 78. Qd7+ Kf6 79. Qe6+ Kg5 80. d6 Qa3+ 81.
Kb7 Qb4+ 82. Kc7 Qc5+ 83. Kd7 Qa7+ 84. Ke8 Qb8+ 85. Kf7 1-0

[Event "Late-Titled-Tuesday-Blitz-March-12-2024"]
[Site "Chess.com"]
[Date "2024.03.12"]
[Round "9"]
[White "Zampronha1971"]
[Black "cassoulet"]
[Result "0-1"]
[WhiteElo "2332"]
[BlackElo "2769"]
[TimeControl "180+1"]
[EndTime "15:37:30 PDT"]
[Termination "cassoulet won by resignation"]

1. e4 c5 2. Nf3 e6 3. d4 cxd4 4. Nxd4 Nf6 5. Nc3 Nc6 6. Nxc6 bxc6 7. e5 Nd5 8. Ne4 Bb7 9. f4 c5 10. c4 Nb4 11. Bd3 Qh4+ 12. g3 Qh3 13. Kf2 Rd8 14. Bf1 Qf5 0-1

[Event "Late-Titled-Tuesday-Blitz-March-12-2024"]
[Site "Chess.com"]
[Date "2024.03.12"]
[Round "9"]
[White "scrambleyourbrain"]
[Black "RantomOpening"]
[Result "0-1"]
[WhiteElo "2414"]
[BlackElo "2586"]
[TimeControl "180+1"]
[EndTime "15:37:38 PDT"]
[Termination "RantomOpening won by resignation"]

1. e4 c5 2. Nf3 e6 3. d4 cxd4 4. Nxd4 Nf6 5. Nc3 Nc6 6. Ndb5 Bc5 7. Nd6+ Ke7 8. Bf4 e5 9. Nf5+ Kf8 10. Be3 Bb4 11.
Ng3 d5 12. exd5 Nxd5 13. Bd2 Nxc3 14. Bxc3 Bxc3+ 15. bxc3 Be6 16. Bd3 Qa5 17. Qd2 g6 18. O-O h5 19. f4 Qc5+ 20. Kh1 exf4 21. Rxf4 Kg7 22. Ne4 Qe5 23. Ng5 Qxg5 24. Rxf7+ Kh6 25. Rf4 Rhf8 26. g3 Bd5+ 0-1

[Event "Late-Titled-Tuesday-Blitz-March-12-2024"]
[Site "Chess.com"]
[Date "2024.03.12"]
[Round "9"]
[White "TigrVShlyape"]
[Black "Zavgorodniy_Sergiy"]
[Result "1-0"]
[WhiteElo "2889"]
[BlackElo "2610"]
[TimeControl "180+1"]
[EndTime "15:37:49 PDT"]
[Termination "TigrVShlyape won by resignation"]

1. d4 d5 2. Bf4 Nf6 3. e3 e6 4. Nf3 c5 5. c3 Bd6 6. Bb5+ Nc6 7.
Bg3 cxd4 8. exd4 Bxg3 9. hxg3 Bd7 10. Bd3 O-O 11. g4 Ne4 12. g5 f5 13. gxf6 Qxf6 14. Nbd2 e5 15. Nxe4 dxe4 16. Bxe4 h6 17. dxe5 Nxe5 18.
Qd5+ Nf7 19. Qxd7 Rae8 20. Qd5 Re5 21. Nxe5 1-0

[Event "Late-Titled-Tuesday-Blitz-March-12-2024"]
[Site "Chess.com"]
[Date "2024.03.12"]
[Round "9"]
[White "kingofthenil"]
[Black "Lion-Al-Messi"]
[Result "1-0"]
[WhiteElo "2772"]
[BlackElo "2599"]
[TimeControl "180+1"]
[EndTime "15:38:11 PDT"]
[Termination "kingofthenil won by resignation"]

1. Nf3 Nf6 2. g3 b6 3. Bg2 Bb7 4. d3 e6 5. e4 Be7 6. O-O d5 7.
e5 Nfd7 8. Re1 c5 9. c3 Nc6 10. d4 Qc7 11. a4 Na5 12. Na3 c4 13. Nb5 Qc6 14. Bg5 f6 15. exf6 gxf6 16. Bf4 O-O 17. Nc7 e5 18. dxe5 Qxc7 19. e6 Ne5 20. Nxe5 fxe5 21. Qg4+ Kh8 22. Bxe5+ Qxe5 23. Rxe5 Rf6 24. Bxd5 Raf8 25. Bxb7 Nxb7 26. f4 Nd6 27. Rd1 Nf5 28.
Rd7 Rg6 29. Qxf5 1-0

[Event "Late-Titled-Tuesday-Blitz-March-12-2024"]
[Site "Chess.com"]
[Date "2024.03.12"]
[Round "9"]
[White "Lady_Nika"]
[Black "KaydenTroffChess"]
[Result "0-1"]
[WhiteElo "2593"]
[BlackElo "2823"]
[TimeControl "180+1"]
[EndTime "15:38:37 PDT"]
[Termination "KaydenTroffChess won by resignation"]

1. e4 c5 2. Nc3 g6 3. g3 Bg7 4.
Bg2 Nc6 5. d3 Rb8 6. f4 b5 7.
Nf3 b4 8. Ne2 e6 9. O-O Nge7 10.
Rb1 O-O 11. Be3 Qa5 12. Nc1 d6 13. g4 Ba6 14. g5 c4 15. b3 cxd3 16. cxd3 d5 17.
Nd2 dxe4 18. Nxe4 Nf5 19. Bc5 Rfd8 20. Qc2 Ncd4 21. Bxd4 Bxd4+ 22. Kh1 Ne3 23. Qf2 Nxf1 24. Qxf1 Rbc8 25. Ne2 Bxd3 26. Qe1 Qxa2 27. Nxd4 Qxb1 28. Nf6+ Kg7 29. Qxb1 Bxb1 30. Ne2 Rd1+ 31. Ng1 Rcc1 32. Ne8+ Kf8 0-1

[Event "Late-Titled-Tuesday-Blitz-March-12-2024"]
[Site "Chess.com"]
[Date "2024.03.12"]
[Round "9"]
[White "chess_blitz00"]
[Black "ncofre98"]
[Result "1-0"]
[WhiteElo "2479"]
[BlackElo "2605"]
[TimeControl "180+1"]
[EndTime "15:38:41 PDT"]
[Termination "chess_blitz00 won by resignation"]

1. d4 Nf6 2. Bf4 c5 3. c3 Qb6 4.
Qb3 Nc6 5. e3 d5 6. Qxb6 axb6 7.
Bc7 cxd4 8. exd4 Nd7 9. Nf3 e6 10. Bb5 Be7 11. a4 Bd8 12. Bd6 f6 13. Na3 Kf7 14.
O-O-O Be7 15. Bxe7 Kxe7 16. Rhe1 Kd6 17. Kc2 Nf8 18. b3 Bd7 19. Bf1 Ng6 20. Nb5+ 1-0

[Event "Late-Titled-Tuesday-Blitz-March-12-2024"]
[Site "Chess.com"]
[Date "2024.03.12"]
[Round "9"]
[White "MalyDominator"]
[Black "TheAlienParty"]
[Result "1-0"]
[WhiteElo "2551"]
[BlackElo "2390"]
[TimeControl "180+1"]
[EndTime "15:38:51 PDT"]
[Termination "MalyDominator won by resignation"]

1. e4 e5 2. Nf3 Nc6 3. Bb5 a6 4. Ba4 d6 5. c3 Bd7 6. O-O g5 7. d4 g4 8. Ne1 h5 9. d5 Nce7 10. Bxd7+ Qxd7 11. f3 Bh6 12. Na3 f5 13. exf5 Nxf5 14.
fxg4 Ne3 15. Bxe3 Bxe3+ 16. Kh1 hxg4 17. Qd3 Bf4 18. Qg6+ Kd8 19. Nd3 Ne7 20. Qf6 Rxh2+ 21. Kg1 Rh6 22. Qf8+ Qe8 23. Nxf4 exf4 24. Qxh6 1-0

[Event "Late-Titled-Tuesday-Blitz-March-12-2024"]
[Site "Chess.com"]
[Date "2024.03.12"]
[Round "9"]
[White "The_Straightforward_Rook"]
[Black "Statham_01"]
[Result "0-1"]
[WhiteElo "2457"]
[BlackElo "2596"]
[TimeControl "180+1"]
[EndTime "15:39:02 PDT"]
[Termination "Statham_01 won by checkmate"]

1. c4 e5 2. Nc3 Nf6 3. Nf3 e4 4. Ng5 c6 5. Ngxe4 Nxe4 6. Nxe4 d5 7. cxd5 cxd5 8. Ng3 h5 9. e3 h4 10. Ne2 Bd6 11. d4 Qf6 12. Bd2 Nc6 13. Rc1 h3 14. g3 Bg4 15. Qb3 O-O 16. Qxb7 Nb4 17. Bxb4 Rab8 18. Qxb8 Rxb8 19. Bc3 Qf3 20. Rg1 Bb4 21.
Nf4 Bxc3+ 22. bxc3 Rb2 23. Nh5 Qxf2# 0-1

[Event "Late-Titled-Tuesday-Blitz-March-12-2024"]
[Site "Chess.com"]
[Date "2024.03.12"]
[Round "9"]
[White "santosalberto1987"]
[Black "Misterfox120"]
[Result "1-0"]
[WhiteElo "2536"]
[BlackElo "2382"]
[TimeControl "180+1"]
[EndTime "15:39:22 PDT"]
[Termination "santosalberto1987 won by resignation"]

1. e4 e5 2. Nf3 Nf6 3. Nxe5 d6 4. Nf3 Nxe4 5. d4 d5 6. Bd3 Bd6 7. O-O O-O 8. c4 c6 9. h3 Re8 10. cxd5 cxd5 11. Nc3 Nxc3 12. bxc3 Nd7 13. Rb1 Nf6 14. Bg5 h6 15. Bh4 b6 16. Re1 g5 17. Rxe8+ Qxe8 18.
Bg3 Bxg3 19. fxg3 g4 20. Ne5 gxh3 21. gxh3 Bxh3 22. Qf3 Qe6 23. Rb2 Rf8 24. Qf4 Kg7 25. Rh2 Bg4 26. Qxh6+ 1-0

[Event "Late-Titled-Tuesday-Blitz-March-12-2024"]
[Site "Chess.com"]
[Date "2024.03.12"]
[Round "9"]
[White "FairChess_on_YouTube"]
[Black "BogdanDeac"]
[Result "1/2-1/2"]
[WhiteElo "3120"]
[BlackElo "3097"]
[TimeControl "180+1"]
[EndTime "15:39:32 PDT"]
[Termination "Game drawn by agreement"]

1. e4 e5 2. Nf3 Nf6 3. Nc3 Nc6 4.
d4 exd4 5. Nxd4 Bb4 6. Nxc6 bxc6 7. Bd3 O-O 8. O-O d5 9. Bd2 Bxc3 10. Bxc3 dxe4 11.
Bxf6 Qxf6 12. Bxe4 Qxb2 13. Bxc6 Rb8 14. Rb1 Qxb1 15. Qxb1 Rxb1 16. Rxb1 Rd8 17. Bf3 Kf8 18.
Rb5 Be6 19. Rc5 Bxa2 20. Rxc7 a5 21. Ra7 Rc8 22. Be4 Rc5 23. f3 g6 24. Kf2 Bb1 25.
Kg3 Bxc2 26. Bxc2 Rxc2 27. Rxa5 Kg7 28. h4 h5 29. Ra4 Rc5 30. Rb4 Ra5 31. Rc4 Rb5 1/2-1/2

[Event "Late-Titled-Tuesday-Blitz-March-12-2024"]
[Site "Chess.com"]
[Date "2024.03.12"]
[Round "9"]
[White "betta2004"]
[Black "Lennis93"]
[Result "0-1"]
[WhiteElo "2572"]
[BlackElo "2713"]
[TimeControl "180+1"]
[EndTime "15:39:33 PDT"]
[Termination "Lennis93 won by resignation"]

1. e4 e6 2. d4 d5 3. Bd3 dxe4 4.
Bxe4 Nf6 5. Bf3 c5 6. Ne2 Be7 7. Be3 cxd4 8. Qxd4 Qc7 9. Nbc3 a6 10. O-O O-O 11.
Bf4 Qa5 12. a3 Nc6 13. Qe3 Bd7 14. b4 Qf5 15. Ng3 Qxc2 16. Rac1 Qb3 17. Rfd1 Rfd8 18.
Nd5 Qxe3 19. Nxe7+ Nxe7 20. Bxe3 Bc6 21. Bb6 Rxd1+ 22.
Rxd1 Bxf3 23. gxf3 Ned5 24. Bd4 Rc8 25. Ne4 Rc2 26. Be5 b6 27. Nc3 h6 28. Na4 Nh5 29.
Bd4 Nhf4 30. Bxb6 Ra2 31. Bd4 Rxa3 32. Be5 Rxa4 0-1

[Event "Late-Titled-Tuesday-Blitz-March-12-2024"]
[Site "Chess.com"]
[Date "2024.03.12"]
[Round "9"]
[White "Englishman_18"]
[Black "PapaieDudu"]
[Result "0-1"]
[WhiteElo "2265"]
[BlackElo "2417"]
[TimeControl "180+1"]
[EndTime "15:39:34 PDT"]
[Termination "PapaieDudu won by resignation"]

1. Nf3 d5 2. d4 Nf6 3. c4 e6 4. g3 dxc4 5. Qa4+ Nbd7 6. Qxc4 a6 7. Bd2 b5 8. Qc2 Bb7 9. Bg2 c5 10. dxc5 Bxc5 11. b4 Bb6 12. O-O Rc8 13. Qb2 O-O 14.
Rd1 Qe7 15. Nc3 e5 16. e4 Nxe4 17. Nxe4 Bxe4 18. Nxe5 Rc2 19. Qb3 Qxe5 20. Bxe4 Rxd2 21. Rf1 Bxf2+ 0-1

[Event "Late-Titled-Tuesday-Blitz-March-12-2024"]
[Site "Chess.com"]
[Date "2024.03.12"]
[Round "9"]
[White "egnfanclub"]
[Black "FMYiLiu"]
[Result "1-0"]
[WhiteElo "2394"]
[BlackElo "2475"]
[TimeControl "180+1"]
[EndTime "15:39:38 PDT"]
[Termination "egnfanclub won by resignation"]

1. e4 e6 2. d4 d5 3. Nc3 Nf6 4. e5 Nfd7 5. Nf3 c5 6. dxc5 Nc6 7. Bf4 Bxc5 8. Bd3 Be7 9. h4 a6 10. a4 Nc5 11. h5 h6 12. Qd2 Qb6 13. O-O Bd7 14.
Ne2 Nxd3 15. cxd3 d4 16. Ng3 Bb4 17. Qe2 Ne7 18. Ne4 Nd5 19. Bd2 O-O 20. Bxb4 Nxb4 21.
Qd2 a5 22. Nf6+ gxf6 23. Qxh6 1-0

[Event "Late-Titled-Tuesday-Blitz-March-12-2024"]
[Site "Chess.com"]
[Date "2024.03.12"]
[Round "9"]
[White "goldihouse"]
[Black "waltereador"]
[Result "1-0"]
[WhiteElo "2629"]
[BlackElo "2327"]
[TimeControl "180+1"]
[EndTime "15:39:40 PDT"]
[Termination "goldihouse won by resignation"]

1. c4 c5 2. g3 Nc6 3. Bg2 Nf6 4. Nc3 g6 5. a3 Bg7 6. Rb1 O-O 7. b4 cxb4 8. axb4 d6 9. d3 a5 10. bxa5 Qxa5 11.
Bd2 Qd8 12. Nf3 h5 13. O-O h4 14. Nxh4 Ng4 15. Nd5 Ra2 16. Nf3 Be6 17. Rxb7 Bxd5 18. cxd5 Nce5 19. Nd4 Qa8 20. Rb4 Nf6 21. Nc6 Nxc6 22.
dxc6 Qa7 23. Rb7 Qc5 24. Be3 Qe5 25. h3 d5 26. Bf4 Qe6 27. c7 Rxe2 28. Rb8 Ra2 29.
Qb3 Ra8 30. Rc1 Rc8 31. Rxa8 Rxa8 32. Qb8+ Qc8 33. Qxa8 Qxa8 34. c8=Q+ Qxc8 35. Rxc8+ 1-0

[Event "Late-Titled-Tuesday-Blitz-March-12-2024"]
[Site "Chess.com"]
[Date "2024.03.12"]
[Round "9"]
[White "Pachonpower"]
[Black "LUISMIGUELOV"]
[Result "1-0"]
[WhiteElo "2325"]
[BlackElo "2116"]
[TimeControl "180+1"]
[EndTime "15:39:51 PDT"]
[Termination "Pachonpower won by resignation"]

1. e4 c5 2. d4 cxd4 3. c3 dxc3 4. Nxc3 Nc6 5. Nf3 e6 6. Bc4 a6 7. O-O Qc7 8. Re1 b5 9. Bb3 Bb7 10. Nd5 exd5 11. exd5+ Nge7 12. Bg5 O-O-O 13. dxc6 dxc6 14. Qc2 f6 15. Bh4 Nd5 16. Rad1 Bd6 17. Nd4 Bxh2+ 18.
Kh1 g5 19. Ne6 Qb8 20. Nxd8 Rxd8 21. Bxd5 gxh4 22. Be6+ Kc7 23. Kxh2 Kb6+ 24. Kg1 Rxd1 25. Rxd1 Qe5 26. Bh3 c5 27. Qd2 Ka7 28. Qd6 Qg5 29.
f4 Qg3 30. Qxc5+ 1-0

[Event "Late-Titled-Tuesday-Blitz-March-12-2024"]
[Site "Chess.com"]
[Date "2024.03.12"]
[Round "9"]
[White "mac0504"]
[Black "ChainedDowntohell"]
[Result "1-0"]
[WhiteElo "2709"]
[BlackElo "2537"]
[TimeControl "180+1"]
[EndTime "15:40:05 PDT"]
[Termination "mac0504 won on time"]

1. c4 c6 2. Nc3 d5 3. e3 Nf6 4. b3 Bf5 5. Bb2 e6 6. h3 h6 7. g4 Bg6 8. Bg2 Bd6 9. Nge2 Nbd7 10.
d4 Qe7 11. O-O Ne4 12. Nf4 Bh7 13. Nxe4 Bxe4 14. Bxe4 dxe4 15. Qc2 Nf6 16. Ne2 h5 17. g5 Nh7 18. Qxe4 Nxg5 19. Qg2 f5 20. Kh1 Kf8 21. Rg1 Ne4 22. f3 Nf6 23. e4 Bc7 24.
e5 Ng8 25. Ba3 1-0

[Event "Late-Titled-Tuesday-Blitz-March-12-2024"]
[Site "Chess.com"]
[Date "2024.03.12"]
[Round "9"]
[White "Oleksandr_Bortnyk"]
[Black "Hikaru"]
[Result "0-1"]
[WhiteElo "3008"]
[BlackElo "3249"]
[TimeControl "180+1"]
[EndTime "15:40:20 PDT"]
[Termination "Hikaru won by resignation"]

1. e4 c6 2. d4 d5 3. Nc3 dxe4 4. Nxe4 Nf6 5. Nxf6+ gxf6 6. c3 Bf5 7. Ne2 e6 8.
Ng3 Bg6 9. h4 h6 10. h5 Bh7 11.
Qf3 Nd7 12. Bc4 Qb6 13. a4 Rg8 14. a5 Qc7 15. a6 b6 16. Bf4 Bd6 17. Bxh6 Bxg3 18. fxg3 Qxg3+ 19. Qxg3 Rxg3 20. Kf2 Rg8 21. Rae1 O-O-O 22. Bf4 f5 23. g3 Nf6 24. h6 Ne4+ 25.
Kf3 Kd7 26. Re3 Nd2+ 27. Kg2 Nxc4 28. Re2 Nd6 29. b3 Ne4 30. Rc1 Nxg3 0-1

[Event "Late-Titled-Tuesday-Blitz-March-12-2024"]
[Site "Chess.com"]
[Date "2024.03.12"]
[Round "9"]
[White "Boninknights"]
[Black "Mariia89"]
[Result "1-0"]
[WhiteElo "2399"]
[BlackElo "2251"]
[TimeControl "180+1"]
[EndTime "15:40:20 PDT"]
[Termination "Boninknights won by resignation"]

1. b3 Nf6 2. Bb2 c5 3. Bxf6 gxf6 4. c4 Nc6 5. Nc3 d6 6. g3 Bg7 7. Bg2 f5 8. Rc1 Bd7 9. e3 h5 10. h4 a6 11. Nge2 e5 12. O-O Bf6 13. Nd5 Bg7 14. f4 e4 15. d3 exd3 16. Qxd3 Be6 17. e4 fxe4 18. Bxe4 Bd4+ 19. Nxd4 Nxd4 20. f5 Bd7 21. f6 Qa5 22. Rf2 O-O-O 23. b4 Qa4 24. Nb6+ 1-0

[Event "Late-Titled-Tuesday-Blitz-March-12-2024"]
[Site "Chess.com"]
[Date "2024.03.12"]
[Round "9"]
[White "Boorchess"]
[Black "IMSlavin"]
[Result "0-1"]
[WhiteElo "2551"]
[BlackElo "2330"]
[TimeControl "180+1"]
[EndTime "15:40:21 PDT"]
[Termination "IMSlavin won by resignation"]

1. d4 Nc6 2. Nf3 d6 3. d5 Ne5 4. Nxe5 dxe5 5. e4 a6 6. Qh5 Qd6 7. Nc3 g6 8. Qh4 Bg7 9. Bc4 Bd7 10. O-O h5 11. f4 Qc5+ 12. Kh1 Qxc4 13. Bd2 exf4 14. Bxf4 Nf6 15. e5 Nxd5 16. Nxd5 Qxd5 17. Bg5 Bc6 18. Rf2 Qxe5 19. Bd2 O-O 20. Re1 Qxb2 21. Rxe7 Rae8 22. h3 Rxe7 23. Qxe7 Qxc2 24. Kh2 Qe4 25. Qg5 Qe5+ 0-1

[Event "Late-Titled-Tuesday-Blitz-March-12-2024"]
[Site "Chess.com"]
[Date "2024.03.12"]
[Round "9"]
[White "GilbertoHernandezAmura"]
[Black "Yushko_Olga"]
[Result "0-1"]
[WhiteElo "2427"]
[BlackElo "2214"]
[TimeControl "180+1"]
[EndTime "15:40:24 PDT"]
[Termination "Yushko_Olga won by resignation"]

1. d4 e6 2. Nc3 d5 3. Bf4 Nf6 4. Nb5 Na6 5. e3 c6 6. Nc3 Bd6 7. Bg5 O-O 8. Nf3 c5 9. Bxa6 bxa6 10. O-O Rb8 11. Na4 cxd4 12. exd4 Qa5 13. b3 Ne4 14. Bh4 Bd7 15. Nb2 Nc3 16. Qd2 Rfc8 17. Nd3 Qc7 18.
Nde5 Bb5 19. Rfc1 Ne2+ 20. Kh1 Nxc1 21. Rxc1 Ba3 22. Re1 Qxc2 23. Qe3 Bc1 0-1